 Dungeon Crawl Stone Soup version 0.25-a0-663-gace7076f2c (webtiles) character file.

Game seed: 18243894729924152265, levelgen mode: deterministic

151 kae the Ruffian (level 5, 0/40 HPs)
             Began as a Draconian Transmuter on Mar 24, 2020.
             Slain by an orc priest
             ... wielding a +0 flail
              (8 damage)
             ... on level 3 of the Dungeon.
             The game lasted 00:02:24 (2993 turns).

kae the Ruffian (Draconian Transmuter)              Turns: 2993, Time: 00:02:24

Health: 0/40       AC:  6    Str: 13    XL:     5   Next: 10%
Magic:  9/9        EV: 12    Int: 14    God:
Gold:   56         SH:  0    Dex: 11    Spells: 6/9 levels left

rFire    . . .     SeeInvis .   d - +0 mace (venom)
rCold    . . .     Gourm    .   (no shield)
rNeg     . . .     Faith    .   (armour unavailable)
rPois    .         Spirit   .   (helmet restricted)
rElec    .         Reflect  .   (no cloak)
rCorr    .         Harm     .   (no gloves)
MR       .....                  f - +0 pair of boots
Stlth    +.........             (no amulet)
HPRegen  0.13/turn              (no ring)
MPRegen  0.11/turn              (no ring)

@: appendage (expiring)
A: unfitting armour, horns 2, cold-blooded, AC +5
a: End Transformation


You were on level 3 of the Dungeon.
You were not hungry.
You had grown temporary horns.
You visited 1 branch of the dungeon, and saw 3 of its levels.

You collected 56 gold pieces.

Inventory:

Hand Weapons
 d - a +0 mace of venom (weapon)
Missiles
 a - 12 arrows
Armour
 f - a +0 pair of boots (worn)
Scrolls
 b - 2 scrolls of identify
Potions
 j - a potion of mutation
Comestibles
 c - 2 rations


   Skills:
 - Level 1.1 Fighting
 - Level 1.7 Dodging
 * Level 4.6 Unarmed Combat
 + Level 2.9 Spellcasting
 + Level 3.1 Transmutations


You had 6 spell levels left.
You knew the following spells:

 Your Spells              Type           Power        Failure   Level  Hunger
a - Beastly Appendage     Tmut           ##....       6%          1    #......
b - Sticks to Snakes      Tmut           ##......     9%          2    ##.....

Your spell library contained the following spells:

 Spells                   Type           Power        Failure   Level  Hunger
 Spider Form              Tmut/Pois      #.........   34%         3    ###....
 Ice Form                 Ice/Tmut       #.......     75%         4    #####..
 Blade Hands              Tmut           ##........   86%         5    ######.


Dungeon Overview and Level Annotations

Branches:
Dungeon (3/15)

Altars:

Annotations:
D:2 1 runed translucent door, Crazy Yiuf


Innate Abilities, Weirdness & Mutations

Your plain brown scales are hard. (AC +5)
You cannot fit into any form of body armour.
You are cold-blooded and may be slowed by cold attacks.
You have a pair of horns on your head.


Message History

The orc priest is lightly wounded.
The orc hits you with a +0 hand axe. The orc priest misses you.
The orc hits you with a +0 hand axe.
You hit the orc priest but do no damage.
Your headbutt misses the orc priest.
You tail-slap the orc priest, but do no damage.
The orc priest is lightly wounded.
The orc completely misses you. The orc priest misses you.
The orc hits you but does no damage. The orc barely misses you.
You closely miss the orc priest.
The orc priest is lightly wounded.
The orc priest hits you with a +0 flail!
The orc hits you with a +0 hand axe.
* * * LOW HITPOINT WARNING * * *
The orc barely misses you.
You barely miss the orc priest. Your headbutt misses the orc priest.
Your punch misses the orc priest.
The orc priest is lightly wounded.
The orc priest hits you with a +0 flail!
You die...

.....................
.....................
..................#
....#...........## ##
#................ .##
##..#Z.........####...
#...oo..............# .
#...o@..............#
#.
......)#########).....#
...#####....... .
##)$...#
............8.o 8..
#..รท..##
#......[...o...
...o#.......
#......<#..
...r#...(.##
#..?...##.. ...o#....<#
#...... ...
.8..##..)).# #...?..
...# #.......


You could see an orc priest, 2 orcs and an adder zombie.

Vanquished Creatures
  Natasha (D:3)
  Robin (D:2)
  3 adders
  5 dart slugs
  2 leopard geckos
  7 orcs
  4 bats
  A giant cockroach (D:2)
  12 goblins (D:2)
  11 hobgoblins
  5 kobolds
  3 quokkas (D:2)
  4 frilled lizards
  7 rats
66 creatures vanquished.

Notes
Turn   | Place    | Note
-------+----------+-------------------------------------------
     0 | D:1      | kae the Draconian Transmuter began the quest for the Orb.
     0 | D:1      | Reached XP level 1. HP: 16/16 MP: 3/3
   421 | D:1      | Reached XP level 2. HP: 23/23 MP: 5/5
  1069 | D:2      | Noticed Robin
  1079 | D:2      | Learned a level 2 spell: Sticks to Snakes
  1106 | D:2      | Killed Robin
  1106 | D:2      | Reached XP level 3. HP: 23/28 MP: 6/6
  1339 | D:2      | Found a runed translucent door.
  1340 | D:2      | Noticed Crazy Yiuf
  1374 | D:2      | Reached skill level 4 in Unarmed Combat
  1569 | D:2      | Reached XP level 4. HP: 29/35 MP: 7/7
  2351 | D:3      | Noticed Natasha
  2511 | D:3      | Killed Natasha
  2779 | D:3      | Reached XP level 5. HP: 40/40 MP: 9/9
  2993 | D:3      | Slain by an orc priest

Levels and vault maps discovered:
D:1:      scummos_arrival_star, layout_basic, minmay_cupped
D:2:      layout_basic, uniq_crazy_yiuf_cottage, uniq_robin
D:3:      cheibrodos_pilgrimage, layout_rooms, first_ration, uniq_natasha

Skill      XL: |  1  2  3  4 |
---------------+-------------+-----
Unarmed Combat | 4 |  4.6
Transmutations | 3 |  3.1
Fighting       | |  1.1
Dodging        | |  1.7
Spellcasting   | |  2.9

Action                   |  1- 3 |  4- 6 || total
-------------------------+-------+-------++-------
Melee: Unarmed           |   109 |       ||   109
       Headbutt          |    15 |     3 ||    18
       Tailslap          |     5 |     9 ||    14
       Mace              |     7 |    93 ||   100
       Punch             |       |     2 ||     2
 Cast: Beastly Appendage |    19 |     7 ||    26
  Use: Potion            |     1 |       ||     1
       Scroll            |       |     5 ||     5
  Eat: Chunk             |     2 |     5 ||     7
Armor: Skin              |    42 |    27 ||    69
Dodge: Dodged            |    75 |    99 ||   174

Table legend:
 A = Non-vault XP
 B = Vault XP
 C = Vault XP percentage of total XP
 D = Non-vault monster count
 E = Vault monster count
 F = Vault count percentage of total count
                 A         B        C        D         E       F
            +---------+---------+-------+---------+---------+-------
      Total |     135 |      81 |  37.5 |      49 |      17 |  25.8
            +---------+---------+-------+---------+---------+-------
        D:1 |      11 |       3 |  21.4 |       6 |       2 |  25.0
        D:2 |      91 |      36 |  28.3 |      34 |      12 |  26.1
        D:3 |      33 |      42 |  56.0 |       9 |       3 |  25.0
            +---------+---------+-------+---------+---------+-------
